 Dungeon Crawl Stone Soup version 0.30-a0-691-g754fce4c43 (webtiles) character file.

Game seed: 11015871031691601798

235 CoinPitGoblin the Digger (level 5, -8/38 HPs)
             Began as a Draconian Earth Elementalist on Jan 18, 2023.
             Killed by divine providence
             ... invoked by an orc priest
              (13 damage)
             ... on level 5 of the Dungeon on Jan 19, 2023.
             The game lasted 00:06:51 (3822 turns).

CoinPitGoblin the Digger (DrEE)                     Turns: 3822, Time: 00:06:52

Health: -8/38      AC:  7    Str: 11    XL:     5   Next: 76%
Magic:  0/11       EV: 12    Int: 17    God:
Gold:   175        SH:  0    Dex: 11    Spells: 9/12 levels left

rFire   . . .      SeeInvis .    g - +2 hand axe (heavy)
rCold   . . .      Faith    .    (no shield)
rNeg    . . .      Spirit   .    (body armour unavailable)
rPois   .          Reflect  .    (helmet restricted)
rElec   .          Harm     .    (no cloak)
rCorr   .          Rampage  .    h - +0 pair of gloves
Will    .....                    p - +0 pair of boots
Stlth   ++                       (no amulet)
HPRegen 0.26/turn                (no ring)
MPRegen 0.12/turn                (no ring)

@: lethally poisoned (-8 -> -13)
A: AC +5, unfitting armour, cold-blooded
a: no special abilities


You were on level 5 of the Dungeon.
You visited 1 branch of the dungeon, and saw 5 of its levels.

You collected 175 gold pieces.

Inventory:

Hand Weapons
 g - a +2 heavy hand axe (weapon)
Armour
 h - a +0 pair of gloves (worn)
 p - a +0 pair of boots (worn)
Jewellery
 m - a ring of ice
Wands
 k - a wand of quicksilver (5)
 l - a wand of paralysis (8)
Scrolls
 b - a scroll of amnesia
 d - 2 scrolls of blinking
 e - a scroll of fear {unknown}
 i - 2 scrolls of teleportation
 n - a scroll of noise {unknown}
Potions
 a - a potion of magic
 c - 2 potions of heal wounds {unknown}
 f - a potion of mutation
 j - 2 potions of berserk rage {unknown}


   Skills:
 + Level 0.1 Fighting
 + Level 2.1 Dodging
 - Level 1.7 Stealth
 + Level 4.1 Spellcasting
 - Level 1.0 Transmutations
 + Level 4.9 Earth Magic


You had 9 spell levels left.
You knew the following spells:

 Your Spells              Type           Power      Damage    Failure   Level
a - Sandblast             Erth           40%        2d10      1%          1
z - Passwall              Tmut/Erth      10%        N/A       7%          2

Your spell library contained the following spells:

 Spells                   Type           Power      Damage    Failure   Level
 Freeze                   Ice            12%        1d3       16%         1
 Stone Arrow              Conj/Erth      22%        3d8       17%         3
 Petrify                  Tmut/Erth      13%        N/A       41%         4
 Frozen Ramparts          Ice            6%         1d1       43%         3
 Hailstorm                Conj/Ice       3%         3d3       43%         3


Dungeon Overview and Level Annotations

Branches:
Dungeon (5/15)             Temple (0/1) D:5

Altars:

Shops:
D:3 (


Innate Abilities, Weirdness & Mutations

Your plain brown scales are hard. (AC +5)
You cannot fit into any form of body armour.
You are cold-blooded and may be slowed by cold attacks.


Message History

You kill the jackal!
The scorpion stings you but does no damage.
The blast of sand hits the scorpion!
The scorpion is severely wounded.
The scorpion closely misses you. x2
The orc shouts!
You hit the scorpion but do no damage.
The scorpion is severely wounded.
The scorpion closely misses you. The scorpion misses you.
The blast of sand hits the scorpion.
The scorpion is severely wounded.
The scorpion stings you. x2
You hit the scorpion. You tail-slap the scorpion.
The scorpion is almost dead.
The scorpion closely misses you. x2
You hit the scorpion but do no damage.
The scorpion is almost dead.
You hear the slow hiss of a very distant avalanche of sand.
The scorpion stings you. The scorpion barely misses you.
You hit the scorpion but do no damage.
The scorpion is almost dead.
The scorpion stings you but does no damage.
The scorpion stings you. x2
* * * LOW HITPOINT WARNING * * *
You are lethally poisoned!
The scorpion poisons you!
You are too injured to fight recklessly!
Casting: Sandblast (safe; 1% risk of failure)
Confirm with . or Enter, or press ? or * to list all spells.
Aiming: Sandblast (safe; 1% risk of failure)
Press: ? - help, Shift-Dir - straight line, f/p - scorpion
Aim: a scorpion (almost dead, 83% to hit)
The blast of sand hits the scorpion but does no damage.
The scorpion is almost dead.
* * * LOW HITPOINT WARNING * * *
You feel very sick. The scorpion closely misses you.
The orc priest invokes the aid of Beogh against you.
Beogh smites you!
You die...

#...)..###.o.# ....
#.o.os# #
........##.# .##
?###...###o###...##.
#.......os@....?..
#..####?o###....##
... #..# .#.# ...)#
# .....# ..###.## .
#. #.


You could see a scorpion, an orc priest and 2 orcs.

Vanquished Creatures
  An orc wizard (D:5)
  11 adders
  2 worms
  3 dart slugs
  14 orcs
  6 ball pythons (D:2)
  5 bats
  4 endoplasms
  3 giant cockroaches
  6 goblins
  3 hobgoblins
  10 jackals
  7 quokkas
  3 frilled lizards
  3 kobolds
  6 rats
87 creatures vanquished.

Notes
Turn   | Place    | Note
-------+----------+-------------------------------------------
     0 | D:1      | CoinPitGoblin the Draconian Earth Elementalist began the
                  | quest for the Orb.
     0 | D:1      | Reached XP level 1. HP: 14/14 MP: 3/3
   113 | D:1      | Found a faded altar of an unknown god.
   331 | D:1      | Reached XP level 2. HP: 20/20 MP: 3/5
   767 | D:2      | Reached XP level 3. HP: 26/26 MP: 0/6
  1237 | D:2      | Reached XP level 4. HP: 28/33 MP: 4/8
  1613 | D:2      | Learned a level 2 spell: Passwall
  2006 | D:3      | Found Rudobevyf's Weapon Boutique.
  2161 | D:3      | Reached XP level 5. HP: 38/38 MP: 8/10
  2663 | D:3      | Upgraded the game from 0.30-a0-651-g0755cc6dcf to
                  | 0.30-a0-691-g754fce4c43
  3785 | D:5      | Entered Level 5 of the Dungeon
  3785 | D:5      | Found a staircase to the Ecumenical Temple.
  3822 | D:5      | Killed from afar by an orc priest

Illustrated notes

Levels and vault maps discovered:
D:1:      lightli_arrival_chessboard, layout_rooms, basic_ecumenical_altar,
          serial_forest, infiniplex_forest_end_1, infiniplex_forest_straight_2,
          infiniplex_forest_lined_3_way, infiniplex_forest_lined_2,
          infiniplex_forest_lined_ring, infiniplex_forest_clump_double,
          infiniplex_forest_split, infiniplex_forest_diagonal,
          grunt_decor_resistance, minmay_stone_trees_small
D:2:      layout_loops_ring, minmay_octomino_c4
D:3:      layout_loops_ring, portal_sewer_entry_f, serial_shops,
          nicolae_shop_bloodbath_and_beyond, nicolae_half_adder
D:4:      layout_basic, grunt_ministairs_3
D:5:      layout_loops_ring, mainiacjoe_overflow_big_doors,
          minmay_temple_entry_tees, chequers_ossuary_entry_cave,
          hangedman_abyss_or_decor_passed

Skill      XL: |  1  2  3  4  5 |
---------------+----------------+-----
Dodging        | 2 |  2.1
Earth Magic    | 4 |  4.9
Spellcasting   | 3 4 |  4.1
Fighting       | |  0.1
Stealth        | |  1.7
Transmutations | |  1.0

Action                   |  1- 3 |  4- 6 || total
-------------------------+-------+-------++-------
Melee: Unarmed           |     6 |    28 ||    34
       Tailslap          |     1 |     4 ||     5
       Hand axe          |       |    10 ||    10
 Cast: Sandblast         |    38 |   100 ||   138
  Use: Scroll            |       |     9 ||     9
       Potion            |       |     2 ||     2
Armor: Skin              |     7 |    50 ||    57
Dodge: Dodged            |    17 |   109 ||   126

Table legend: (Time is in decaauts)
 A = Elapsed time spent in this place.
 B = Non-inter-level travel time spent in this place.
 C = Inter-level travel time spent in this place.
 D = Time resting spent in this place.
 E = Time spent auto-exploring this place.
 F = Levels seen in this place.
 G = Mean time per level.
                   A        B        C        D        E       F      G
               +--------+--------+--------+--------+--------+-----+--------+
         Total |   3903 |   3658 |    245 |     53 |   3080 |   5 |  780.6 |
       Dungeon |   3903 |   3658 |    245 |     53 |   3080 |   5 |  780.6 |
               +--------+--------+--------+--------+--------+-----+--------+

Top non-repeatable levels by time:
     D:3: 1130 daAuts
     D:2: 1035 daAuts
     D:4: 1032 daAuts
     D:1: 652 daAuts
     D:5: 53 daAuts
